 Dungeon Crawl Stone Soup version 0.21-a0-509-gecc5317 (webtiles) character file.

266 qqqbard the Shooter (level 6, -6/51 HPs)
             Began as a Centaur Hunter on Nov 29, 2017.
             Mangled by an ogre
             ... wielding a +0 giant club
              (22 damage)
             ... on level 4 of the Dungeon.
             The game lasted 00:03:20 (2723 turns).

qqqbard the Shooter (Centaur Hunter)                Turns: 2723, Time: 00:03:20

Health: -6/51      AC:  9    Str: 15    XL:     6   Next: 0%
Magic:  6/6        EV:  7    Int: 10    God:
Gold:   228        SH:  0    Dex: 11    Spells: 5/5 levels left

rFire    . . .     SeeInvis .   b - +0 scythe (venom)
rCold    . . .     Gourm    .   (shield currently unavailable)
rNeg     . . .     Faith    .   s - +0 scale mail
rPois    .         Spirit   .   n - +2 hat
rElec    .         Reflect  .   j - +0 cloak
rCorr    .         Harm     .   (no gloves)
MR       .....                  (no barding)
Stlth    ..........             (no amulet)
HPRegen  0.17/turn              (no ring)
MPRegen  0.10/turn              (no ring)

@: very quick
A: large, hooves 3, deformed body, speed 2, tough skin 3
a: no special abilities


You were on level 4 of the Dungeon.
You were very hungry.

You visited 1 branch of the dungeon, and saw 4 of its levels.

You collected 228 gold pieces.

Inventory:

Hand Weapons
 a - a +1 shortbow
 b - a +0 scythe of venom (weapon)
Missiles
 d - 33 arrows
Armour
 c - a +0 leather armour
 j - a +0 cloak (worn)
 n - a +2 hat (worn)
 q - a +0 plate armour
 s - a +0 scale mail (worn)
Scrolls
 e - 3 scrolls of remove curse {unknown}
 g - a scroll of noise {unknown}
 h - 2 scrolls of enchant armour {unknown}
 k - a scroll of teleportation {unknown}
 l - a scroll of random uselessness {unknown}
 r - a scroll of identify {unknown}
Potions
 i - a potion of curing {unknown}
 m - 2 potions of degeneration {unknown}
 t - a potion of might {unknown}
Comestibles
 f - 2 bread rations
 o - 4 fruits
 p - 2 royal jellies


   Skills:
 + Level 3.5 Fighting
 * Level 0.2 Polearms
 + Level 6.7 Bows
 * Level 2.8 Armour
 - Level 1.3 Dodging
 - Level 0.4 Stealth


You had 5 spell levels left.
You didn't know any spells.

Dungeon Overview and Level Annotations

Branches:
Dungeon (4/15)
 Temple: D:4-7

Altars:
The Shining One


Innate Abilities, Weirdness & Mutations

You have hooves in place of feet.
Armour fits poorly on your strangely shaped body.
You cover ground very quickly.
You have extremely tough skin. (AC +3)


Message History

Aim: an ogre, wielding a giant club (moderately wounded, poisoned)
You reach to attack!
You closely miss the ogre.
The ogre is moderately wounded.
The ogre hits you with a giant club!
* * * LOW HITPOINT WARNING * * *
Attack whom?
Press: ? - help, Dir - move target cursor, f/p - ogre
Aim: an ogre, wielding a giant club (moderately wounded, poisoned)
You reach to attack!
You closely miss the ogre.
The ogre is moderately wounded.
The ogre closely misses you.
Attack whom?
Press: ? - help, Dir - move target cursor, f/p - ogre
Aim: an ogre, wielding a giant club (heavily wounded, poisoned)
You reach to attack!
You are feeling very hungry.
You slash the ogre!
The ogre looks as sick as possible!
The ogre is almost dead.
The ogre hits you with a giant club!!
You die...

### ... #.# #.# #
############.## .#
#.............###.#
#....@O.......$..#
..............<#.###
################.#
#.# #.# #.# #.# #.#
#.#


You could see an ogre.

Vanquished Creatures
  Sigmund (D:3)
  An orc wizard (D:3)
  A worker ant (D:4)
  2 worms (D:2)
  A dart slug (D:3)
  3 leopard geckos
  2 orcs (D:3)
  2 ball pythons (D:2)
  10 bats
  2 giant cockroaches
  5 hobgoblins
  A kobold (D:3)
  A quokka (D:2)
  3 frilled lizards
  7 goblins
  7 rats
49 creatures vanquished.

Notes
Turn   | Place    | Note
-------+----------+-------------------------------------------
     0 | D:1      | qqqbard the Centaur Hunter began the quest for the Orb.
     0 | D:1      | Reached XP level 1. HP: 17/17 MP: 1/1
   122 | D:1      | Reached XP level 2. HP: 24/24 MP: 2/2
   346 | D:1      | Found a glowing golden altar of the Shining One.
   648 | D:2      | Reached skill level 1 in Armour
   961 | D:2      | Reached XP level 3. HP: 22/30 MP: 3/3
  1656 | D:3      | Reached skill level 6 in Bows
  1656 | D:3      | Reached XP level 4. HP: 27/37 MP: 4/4
  1669 | D:3      | Noticed Sigmund
  2454 | D:3      | Killed Sigmund
  2454 | D:3      | Reached XP level 5. HP: 26/45 MP: 5/5
  2703 | D:4      | Reached XP level 6. HP: 51/51 MP: 6/6
  2723 | D:4      | Mangled by an ogre

Vault maps used:
D:1:      scummos_arrival_simple_crosswalls, st_stairs_7, tso_altar
D:3:      uniq_sigmund

Skill      XL: |  1  2  3  4 |
---------------+-------------+-----
Armour         | 1 2 |  2.8
Bows           | 6 |  6.7
Fighting       | 3 |  3.5
Polearms       | |  0.2
Dodging        | |  1.3
Stealth        | |  0.4

Action                   |  1- 3 |  4- 6 || total
-------------------------+-------+-------++-------
Melee: Short sword       |   109 |    29 ||   138
       Kick              |    22 |     7 ||    29
       Scythe            |       |     6 ||     6
 Fire: Shortbow          |    21 |       ||    21
  Eat: Chunk             |     1 |     2 ||     3
Armor: Leather armour    |    55 |    19 ||    74
       Scale mail        |       |     7 ||     7
Dodge: Dodged            |    60 |    21 ||    81

Table legend:
 A = Spawn XP
 B = Non-spawn XP
 C = Spawn XP percentage of total XP
 D = Spawn monster count
 E = Non-spawn monster count
 F = Spawn count percentage of total count
 G = Total turns spent on level
                    A         B        C        D         E        F      G
               +---------+---------+-------+---------+---------+-------+---------
         Total |       0 |     381 |   0.0 |       0 |      49 |   0.0 |  2723
               +---------+---------+-------+---------+---------+-------+---------
           D:1 |       0 |      27 |   0.0 |       0 |      18 |   0.0 |   603
           D:2 |       0 |      30 |   0.0 |       0 |      15 |   0.0 |   765
           D:3 |       0 |     290 |   0.0 |       0 |      15 |   0.0 |  1333
           D:4 |       0 |      34 |   0.0 |       0 |       1 |   0.0 |    22
               +---------+---------+-------+---------+---------+-------+---------
